TOP OF THE 1ST |
Myrtle Beach Seahawks batting - Pitching for Walla Walla Walleye : RHP Melchor Morse
|
Pitching: RHP Melchor Morse
|
|
Batting: RHB Doug Allerdale
|
0-0: Called Strike 0-1: Foul Ball, location: 2F 0-2: Foul Ball, location: 2F 0-2: Ball 1-2: Strikes out swinging
|
Batting: RHB José Bustillo
|
0-0: Called Strike 0-1: Bunt for hit - play at first, batter safe!
|
Batting: LHB Danny Trautmann
|
0-0: Ball 1-0: Called Strike José Bustillo steals 2nd base 1-1: Reached on error, E6 (Groundball, 6S) José Bustillo scores
|
Batting: RHB Aquiles Morda
|
0-0: Ball 1-0: Fly out, F3 (Line Drive, 34)
|
Batting: SHB Quentin Harrop
|
0-0: Swinging Strike 0-1: DOUBLE (Line Drive, 8RXD) Danny Trautmann scores
|
Batting: LHB Dallas Ihde
|
0-0: Ball 1-0: Ground out U3 (Groundball, 3S)
|
Top of the 1st over - 2 runs, 2 hits, 1 error, 1 left on base; Myrtle Beach 2 - Walla Walla 0 |
BOTTOM OF THE 1ST |
Walla Walla Walleye batting - Pitching for Myrtle Beach Seahawks : LHP Min-chin Kim
|
Pitching: LHP Min-chin Kim
|
|
Batting: RHB Cody Jaeckel
|
0-0: Foul Ball, location: 2F 0-1: Ball 1-1: Called Strike 1-2: Strikes out swinging
|
Batting: LHB Johan Kroening
|
0-0: Called Strike 0-1: Ball 1-1: Swinging Strike 1-2: Strikes out swinging
|
Batting: RHB Ramón Yniguez
|
0-0: Foul Ball, location: 2F 0-1: SINGLE (Groundball, 34) (infield hit)
|
Batting: RHB Luis Delvalle
|
0-0: Called Strike 0-1: Ball 1-1: Called Strike 1-2: Ball 2-2: Ball 3-2: Base on Balls Ramón Yniguez to second
|
Batting: RHB José de la Cavallería
|
0-0: Called Strike 0-1: Ball 1-1: Ball 2-1: Ball 3-1: Swinging Strike 3-2: Base on Balls Ramón Yniguez to third Luis Delvalle to second
|
Batting: RHB Harunobu Matsushita
|
0-0: Ball 1-0: Ball 2-0: SINGLE (Flyball, 78S) Ramón Yniguez scores Luis Delvalle to third José de la Cavallería to second Runner from 3rd tries for Home, SAFE, no throw
|
Batting: RHB Shuichi Saito
|
0-0: Swinging Strike 0-1: Fly out, F7 (Line Drive, 7S)
|
Bottom of the 1st over - 2 runs, 2 hits, 0 errors, 2 left on base; Myrtle Beach 2 - Walla Walla 2 |
TOP OF THE 2ND |
Myrtle Beach Seahawks batting - Pitching for Walla Walla Walleye : RHP Melchor Morse
|
Batting: LHB Peter Ough
|
0-0: Foul Ball, location: 2F 0-1: SINGLE (Groundball, 34D)
|
Batting: LHB Gabriel Amezquita
|
0-0: Ball 1-0: Ball 2-0: Called Strike 2-1: Foul Ball, location: 2F 2-2: Foul Ball, location: 2F 2-2: Foul Ball, location: 2F 2-2: Foul Ball, location: 2F 2-2: Ground out 5-3 (Groundball, 2L) Peter Ough to second
|
Batting: LHB Ijsbrand Erkelens
|
0-0: Called Strike 0-1: Fly out, F7 (Flyball, 7S)
|
Batting: RHB Doug Allerdale
|
0-0: Ball 1-0: Swinging Strike 1-1: Swinging Strike 1-2: Ball 2-2: Strikes out swinging
|
Top of the 2nd over - 0 runs, 1 hit, 0 errors, 1 left on base; Myrtle Beach 2 - Walla Walla 2 |
BOTTOM OF THE 2ND |
Walla Walla Walleye batting - Pitching for Myrtle Beach Seahawks : LHP Min-chin Kim
|
Batting: RHB Corey Hines
|
0-0: Foul Ball, location: 2F 0-1: Foul Ball, location: 2F 0-2: Ball 1-2: Ground out 4-3 (Groundball, 4)
|
Batting: LHB Mo Eayrs
|
0-0: Ground out 5-3 (Groundball, 56S)
|
Batting: RHB Cody Jaeckel
|
0-0: Fly out, F8 (Flyball, 8RS)
|
Bottom of the 2nd over - 0 runs, 0 hits, 0 errors, 0 left on base; Myrtle Beach 2 - Walla Walla 2 |
TOP OF THE 3RD |
Myrtle Beach Seahawks batting - Pitching for Walla Walla Walleye : RHP Melchor Morse
|
Batting: RHB José Bustillo
|
0-0: Ball 1-0: Ball 2-0: Foul Ball, location: 2F 2-1: Fly out, F8 (Flyball, 8RS)
|
Batting: LHB Danny Trautmann
|
0-0: Ball 1-0: Foul Ball, location: 2F 1-1: Ball 2-1: Called Strike 2-2: Fly out, F9 (Flyball, 89M)
|
Batting: RHB Aquiles Morda
|
0-0: Called Strike 0-1: Fly out, F8 (Flyball, 89M)
|
Top of the 3rd over - 0 runs, 0 hits, 0 errors, 0 left on base; Myrtle Beach 2 - Walla Walla 2 |
BOTTOM OF THE 3RD |
Walla Walla Walleye batting - Pitching for Myrtle Beach Seahawks : LHP Min-chin Kim
|
Batting: LHB Johan Kroening
|
0-0: Ball 1-0: Ball 2-0: Ball 3-0: Base on Balls
|
Batting: RHB Ramón Yniguez
|
0-0: Ground out 4-3 (Groundball, 34) Johan Kroening to second
|
Batting: RHB Luis Delvalle
|
0-0: Ball 1-0: Ground out 5-3 (Groundball, 56)
|
Batting: RHB José de la Cavallería
|
0-0: Ground out 6-3 (Groundball, 6)
|
Bottom of the 3rd over - 0 runs, 0 hits, 0 errors, 1 left on base; Myrtle Beach 2 - Walla Walla 2 |
TOP OF THE 4TH |
Myrtle Beach Seahawks batting - Pitching for Walla Walla Walleye : RHP Melchor Morse
|
Batting: SHB Quentin Harrop
|
0-0: SINGLE (Line Drive, 89S)
|
Batting: LHB Dallas Ihde
|
0-0: Ball 1-0: Fly out, F7 (Flyball, 78D)
|
Batting: LHB Peter Ough
|
Pickoff Throw to First - Error! E1 Quentin Harrop to second 0-0: Swinging Strike 0-1: Foul Ball, location: 2F 0-2: Ball 1-2: Foul Ball, location: 2F 1-2: Foul Ball, location: 2F 1-2: Strikes out swinging
|
Batting: LHB Gabriel Amezquita
|
0-0: Called Strike 0-1: Ball 1-1: SINGLE (Line Drive, 34D) Quentin Harrop to third Runner from 3rd tries for Home, SAFE, throw made home
|
Batting: LHB Ijsbrand Erkelens
|
0-0: Ball 1-0: Ball 2-0: Called Strike 2-1: Foul Ball, location: 2F 2-2: Ball 3-2: Base on Balls Gabriel Amezquita to second
|
Batting: RHB Doug Allerdale
|
0-0: Called Strike 0-1: Fielders Choice at 2nd, 6-4 (Groundball, 56D)
|
Top of the 4th over - 1 run, 2 hits, 1 error, 2 left on base; Myrtle Beach 3 - Walla Walla 2 |
BOTTOM OF THE 4TH |
Walla Walla Walleye batting - Pitching for Myrtle Beach Seahawks : LHP Min-chin Kim
|
Batting: RHB Harunobu Matsushita
|
0-0: Ball 1-0: Called Strike 1-1: Fly out, F9 (Flyball, 89D)
|
Batting: RHB Shuichi Saito
|
0-0: Called Strike 0-1: Ground out 6-3 (Groundball, 6)
|
Batting: RHB Corey Hines
|
0-0: Ground out 6-3 (Groundball, 6S)
|
Bottom of the 4th over - 0 runs, 0 hits, 0 errors, 0 left on base; Myrtle Beach 3 - Walla Walla 2 |
TOP OF THE 5TH |
Myrtle Beach Seahawks batting - Pitching for Walla Walla Walleye : RHP Melchor Morse
|
Batting: RHB José Bustillo
|
0-0: Ground out 1-3 (Groundball, 13S)
|
Batting: LHB Danny Trautmann
|
0-0: Called Strike 0-1: Called Strike 0-2: Foul Ball, location: 2F 0-2: Strikes out looking
|
Batting: RHB Aquiles Morda
|
0-0: Ball 1-0: Ball 2-0: Ground out 4-3 (Groundball, 4)
|
Top of the 5th over - 0 runs, 0 hits, 0 errors, 0 left on base; Myrtle Beach 3 - Walla Walla 2 |
BOTTOM OF THE 5TH |
Walla Walla Walleye batting - Pitching for Myrtle Beach Seahawks : LHP Min-chin Kim
|
Batting: LHB Mo Eayrs
|
0-0: Called Strike 0-1: Ball 1-1: Swinging Strike 1-2: Ball 2-2: Strikes out swinging
|
Batting: RHB Cody Jaeckel
|
0-0: Called Strike 0-1: Called Strike 0-2: Foul Ball, location: 2F 0-2: SOLO HOME RUN (Flyball, 7D), Distance : 390 ft
|
Batting: LHB Johan Kroening
|
0-0: Foul Ball, location: 2F 0-1: Foul Ball, location: 2F 0-2: Strikes out swinging
|
Batting: RHB Ramón Yniguez
|
0-0: Ball 1-0: Foul Ball, location: 2F 1-1: Called Strike 1-2: Strikes out swinging
|
Bottom of the 5th over - 1 run, 1 hit, 0 errors, 0 left on base; Myrtle Beach 3 - Walla Walla 3 |
TOP OF THE 6TH |
Myrtle Beach Seahawks batting - Pitching for Walla Walla Walleye : RHP Melchor Morse
|
Batting: SHB Quentin Harrop
|
0-0: Foul Ball, location: 2F 0-1: Ball 1-1: Ground out 4-3 (Groundball, 4)
|
Batting: LHB Dallas Ihde
|
0-0: Foul Ball, location: 2F 0-1: Ball 1-1: Ground out 5-3 (Groundball, 56)
|
Batting: LHB Peter Ough
|
0-0: Ground out 4-3 (Groundball, 4M)
|
Top of the 6th over - 0 runs, 0 hits, 0 errors, 0 left on base; Myrtle Beach 3 - Walla Walla 3 |
BOTTOM OF THE 6TH |
Walla Walla Walleye batting - Pitching for Myrtle Beach Seahawks : LHP Min-chin Kim
|
Batting: RHB Luis Delvalle
|
0-0: Ball 1-0: Foul Ball, location: 2F 1-1: Called Strike 1-2: Foul Ball, location: 2F 1-2: Foul Ball, location: 2F 1-2: Ball 2-2: Foul Ball, location: 2F 2-2: Strikes out swinging
|
Batting: RHB José de la Cavallería
|
0-0: Called Strike 0-1: Ball 1-1: Fly out, F9 (Flyball, 9S)
|
Batting: RHB Harunobu Matsushita
|
0-0: Called Strike 0-1: Ball 1-1: Foul Ball, location: 2F 1-2: Foul Ball, location: 2F 1-2: Foul Ball, location: 2F 1-2: Ball 2-2: DOUBLE (Line Drive, 8LD)
|
Batting: RHB Shuichi Saito
|
0-0: Ball 1-0: Called Strike 1-1: Ball 2-1: Swinging Strike 2-2: Fly out, F7 (Flyball, 78M)
|
Bottom of the 6th over - 0 runs, 1 hit, 0 errors, 1 left on base; Myrtle Beach 3 - Walla Walla 3 |
TOP OF THE 7TH |
Myrtle Beach Seahawks batting - Pitching for Walla Walla Walleye : RHP Melchor Morse
|
Batting: LHB Gabriel Amezquita
|
0-0: Ball 1-0: Ball 2-0: Fly out, F2 (Popup, 2R)
|
Batting: LHB Ijsbrand Erkelens
|
0-0: Foul Ball, location: 2F 0-1: Called Strike 0-2: Ball 1-2: Strikes out swinging
|
Batting: RHB Doug Allerdale
|
0-0: Ground out 6-3 (Groundball, 6)
|
Top of the 7th over - 0 runs, 0 hits, 0 errors, 0 left on base; Myrtle Beach 3 - Walla Walla 3 |
BOTTOM OF THE 7TH |
Walla Walla Walleye batting - Pitching for Myrtle Beach Seahawks : LHP Min-chin Kim
|
Pitching: RHP Sam Schultz
|
|
Pinch Hitting: RHB Jimmy Fick
|
0-0: Called Strike 0-1: Ball 1-1: Ball 2-1: Ball 3-1: Fly out, F8 (Flyball, 78M)
|
Pinch Hitting: RHB Rex Criscuolo
|
0-0: Ground out U3 (Groundball, 3)
|
Batting: RHB Cody Jaeckel
|
0-0: Called Strike 0-1: Ground out 5-3 (Groundball, 56)
|
Bottom of the 7th over - 0 runs, 0 hits, 0 errors, 0 left on base; Myrtle Beach 3 - Walla Walla 3 |
TOP OF THE 8TH |
Myrtle Beach Seahawks batting - Pitching for Walla Walla Walleye : RHP Melchor Morse
|
Now at SS: Rex Criscuolo
|
|
Now in RF: Jimmy Fick
|
|
Pinch Hitting: RHB Melvin Aikey
|
0-0: Swinging Strike 0-1: Called Strike 0-2: Fly out, F4 (Popup, 34S)
|
Batting: LHB Danny Trautmann
|
0-0: Ball 1-0: Swinging Strike 1-1: Ground out 6-3 (Groundball, 6)
|
Batting: RHB Aquiles Morda
|
0-0: Ball 1-0: Called Strike 1-1: Foul Ball, location: 2F 1-2: Fly out, F8 (Line Drive, 8LD)
|
Top of the 8th over - 0 runs, 0 hits, 0 errors, 0 left on base; Myrtle Beach 3 - Walla Walla 3 |
BOTTOM OF THE 8TH |
Walla Walla Walleye batting - Pitching for Myrtle Beach Seahawks : RHP Sam Schultz
|
Now at 3B: Qu-bing Thien
|
|
Batting: LHB Johan Kroening
|
0-0: DOUBLE (Flyball, 8RD)
|
Batting: RHB Ramón Yniguez
|
0-0: Called Strike 0-1: Foul Ball, location: 2F 0-2: Strikes out looking
|
Batting: RHB Luis Delvalle
|
0-0: Intentional Walk
|
Pinch Hitting: SHB Raúl Mateo
|
0-0: Called Strike 0-1: Ball 1-1: Swinging Strike 1-2: Foul Ball, location: 2F 1-2: Foul Ball, location: 2F 1-2: Fielders Choice at 2nd, 3-6 (Groundball, 34) Johan Kroening to third
|
Batting: RHB Harunobu Matsushita
|
0-0: Swinging Strike 0-1: Ball 1-1: Ball 2-1: Foul Ball, location: 2F 2-2: Ball 3-2: Strikes out swinging
|
Bottom of the 8th over - 0 runs, 1 hit, 0 errors, 2 left on base; Myrtle Beach 3 - Walla Walla 3 |
TOP OF THE 9TH |
Myrtle Beach Seahawks batting - Pitching for Walla Walla Walleye : RHP Melchor Morse
|
Now at 3B: Leonardo Medina
|
|
Batting: SHB Quentin Harrop
|
0-0: Foul Ball, location: 2F 0-1: Ball 1-1: Fly out, F7 (Flyball, 78M)
|
Pitching: LHP Miguel López
|
|
Pinch Hitting: RHB Francisco Moreno
|
0-0: Ball 1-0: Ball 2-0: Foul Ball, location: 2F 2-1: Ball 3-1: Foul Ball, location: 2F 3-2: Strikes out swinging
|
Pinch Hitting: RHB Luke Thornton
|
0-0: Called Strike 0-1: Swinging Strike 0-2: Foul Ball, location: 2F 0-2: Ball 1-2: Strikes out looking
|
Top of the 9th over - 0 runs, 0 hits, 0 errors, 0 left on base; Myrtle Beach 3 - Walla Walla 3 |
BOTTOM OF THE 9TH |
Walla Walla Walleye batting - Pitching for Myrtle Beach Seahawks : RHP Sam Schultz
|
Now at SS: Cisco Galindo
|
|
Now in CF: Francisco Moreno
|
|
Batting: RHB Shuichi Saito
|
0-0: Ball 1-0: Ball 2-0: Foul Ball, location: 2F 2-1: Swinging Strike 2-2: Strikes out swinging
|
Batting: RHB Jimmy Fick
|
0-0: Called Strike 0-1: Swinging Strike 0-2: Ball 1-2: Ball 2-2: Foul Ball, location: 2F 2-2: Ball 3-2: Fly out, F9 (Flyball, 9LMF)
|
Batting: RHB Rex Criscuolo
|
0-0: Called Strike 0-1: Ball 1-1: Called Strike 1-2: Ball 2-2: Ball 3-2: DOUBLE (Line Drive, 7LM)
|
Batting: RHB Cody Jaeckel
|
0-0: Called Strike 0-1: Ball 1-1: Ball 2-1: Ball 3-1: Base on Balls
|
Batting: LHB Johan Kroening
|
0-0: Called Strike 0-1: Ball 1-1: Ball 2-1: Ground out 1-3 (Groundball, 13)
|
Bottom of the 9th over - 0 runs, 1 hit, 0 errors, 2 left on base; Myrtle Beach 3 - Walla Walla 3 |
TOP OF THE 10TH |
Myrtle Beach Seahawks batting - Pitching for Walla Walla Walleye : LHP Miguel López
|
Batting: LHB Gabriel Amezquita
|
0-0: Called Strike 0-1: Foul Ball, location: 2F 0-2: Ball 1-2: Foul Ball, location: 2F 1-2: Foul Ball, location: 2F 1-2: Ground out 4-3 (Groundball, 4M)
|
Batting: LHB Ijsbrand Erkelens
|
0-0: Called Strike 0-1: Ball 1-1: Ball 2-1: Called Strike 2-2: Foul Ball, location: 2F 2-2: Foul Ball, location: 2F 2-2: Fly out, F8 (Flyball, 89XD)
|
Batting: RHB Doug Allerdale
|
0-0: Ball 1-0: DOUBLE (Flyball, 89D)
|
Batting: RHB Qu-bing Thien
|
0-0: Ball 1-0: Ball 2-0: Called Strike 2-1: Foul Ball, location: 2F 2-2: Strikes out swinging
|
Top of the 10th over - 0 runs, 1 hit, 0 errors, 1 left on base; Myrtle Beach 3 - Walla Walla 3 |
BOTTOM OF THE 10TH |
Walla Walla Walleye batting - Pitching for Myrtle Beach Seahawks : RHP Sam Schultz
|
Batting: RHB Ramón Yniguez
|
0-0: Ball 1-0: Foul Ball, location: 2F 1-1: Reached on error, E9 (Line Drive, 89S)
|
Batting: RHB Luis Delvalle
|
0-0: Swinging Strike 0-1: Ball 1-1: Swinging Strike 1-2: Foul Ball, location: 2F 1-2: Fly out, F6 (Line Drive, 6)
|
Batting: RHB Leonardo Medina
|
0-0: Foul Ball, location: 2F 0-1: Foul Ball, location: 2F 0-2: Ball 1-2: DOUBLE (Flyball, 8RD) Ramón Yniguez to third
|
Batting: RHB Harunobu Matsushita
|
0-0: Intentional Walk
|
Pitching: RHP Kick Bloemheuvel
|
|
Batting: RHB Shuichi Saito
|
0-0: Fly out, F7 (Flyball, 7LS) Runner from 3rd tags up, SCORES, throw made
|
Tuesday, December 19th, 2017 - OOTP Baseball 18.8 Build 76
|
|